 Dungeon Crawl Stone Soup version 0.29.1-15-g9cfb28693d (webtiles) character file.

Game seed: 9676466967050543775

56 chaostorm the Shooter (level 3, -1/22 HPs)
             Began as a Tengu Hunter on Apr 6, 2023.
             Slain by a gnoll
             ... wielding a +0 flail
              (8 damage)
             ... on level 1 of the Dungeon.
             The game lasted 00:06:19 (1495 turns).

chaostorm the Shooter (Tengu Hunter)                Turns: 1495, Time: 00:06:19

Health: -1/22      AC:  3    Str: 11    XL:     3   Next: 95%
Magic:  4/4        EV: 13    Int:  9    God:
Gold:   33         SH:  0    Dex: 19    Spells: 2/2 levels left

rFire   . . .      SeeInvis .   a - +0 shortbow
rCold   . . .      Faith    .   (shield currently unavailable)
rNeg    . . .      Spirit   .   c - +0 leather armour
rPois   .          Reflect  .   (helmet restricted)
rElec   .          Harm     .   (no cloak)
rCorr   .          Rampage  .   (no gloves)
Will    .....                   (boots unavailable)
Stlth   ++........              (no amulet)
HPRegen 0.07/turn               (no ring)
MPRegen 0.09/turn               (no ring)

@: no status effects
A: beak, talons 3
a: no special abilities


You were on level 1 of the Dungeon.
You visited 1 branch of the dungeon, and saw 2 of its levels.

You collected 33 gold pieces.

Inventory:

Hand Weapons
 a - a +0 shortbow (weapon)
Armour
 c - a +0 leather armour (worn)
Scrolls
 b - 2 scrolls of immolation
 e - a scroll of fog {unknown}
 g - 3 scrolls of identify {unknown}
Potions
 d - a potion of flight {unknown}
 f - a potion of magic {unknown}
 h - a potion of brilliance {unknown}


   Skills:
 + Level 2.6 Fighting
 + Level 4.8 Ranged Weapons
 + Level 2.9 Dodging
 + Level 2.1 Stealth


You had 2 spell levels left.
You didn't know any spells.
Your spell library was empty.

Dungeon Overview and Level Annotations

Branches:
Dungeon (2/15) Zot: 10472

Altars:

Shops:
D:1 *


Innate Abilities, Weirdness & Mutations

You have a beak for a mouth.
You have claws for feet.


Message History

The gnoll hits you with a +0 flail.
* * * LOW HITPOINT WARNING * * *
You climb upwards.
There is a stone staircase leading down here.
Fire: a) +0 shortbow
Press: ? - help, Shift-Dir - straight line, f - gnoll
Aim: a gnoll, wielding a +0 flail (68% to hit)
You shoot an arrow. The arrow barely misses the gnoll.
The gnoll barely misses you. The gnoll hits you with a +0 flail.
* * * LOW HITPOINT WARNING * * *
Fire: a) +0 shortbow
Press: ? - help, Shift-Dir - straight line, f/p - gnoll
Aim: a gnoll, wielding a +0 flail (68% to hit)
You shoot an arrow. The arrow hits the gnoll.
The gnoll is moderately wounded.
The gnoll closely misses you.
Fire: a) +0 shortbow
Press: ? - help, Shift-Dir - straight line, f/p - gnoll
Aim: a gnoll, wielding a +0 flail (moderately wounded, 68% to hit)
You shoot an arrow. The arrow barely misses the gnoll.
The gnoll hits you with a +0 flail.
* * * LOW HITPOINT WARNING * * *
Fire: a) +0 shortbow
Press: ? - help, Shift-Dir - straight line, f/p - gnoll
Aim: a gnoll, wielding a +0 flail (moderately wounded, 68% to hit)
You shoot an arrow. The arrow barely misses the gnoll.
The gnoll hits you but does no damage. The gnoll misses you.
Fire: a) +0 shortbow
Press: ? - help, Shift-Dir - straight line, f/p - gnoll
Aim: a gnoll, wielding a +0 flail (moderately wounded, 68% to hit)
You shoot an arrow. The arrow hits the gnoll.
The gnoll is heavily wounded.
The gnoll barely misses you.
Fire: a) +0 shortbow
Press: ? - help, Shift-Dir - straight line, f/p - gnoll
Aim: a gnoll, wielding a +0 flail (heavily wounded, 68% to hit)
You shoot an arrow. The arrow hits the gnoll.
The gnoll is severely wounded.
The gnoll hits you with a +0 flail!
You die...

#.#
#.##....######...#
#.#
#@#>.....#........
#.#
#g#...(...........
#.#
#.#......#.##...#.
#.#
#.##.......##.#.#.
#.#
#.###.#######.#.#.
##.# #.#
###....###..#. #..#
#.###........####.
#.##
#.##....##....###.
#.#
#.#............##.
#.#
###............#..
#.# #.....####......#
#.# #...### ###....#
#.#####..## #.####
#....^#..<### ###..#
###...#.....####....#
#.####............#


You could see a gnoll.

Vanquished Creatures
  A gnoll (D:2)
  An adder (D:2)
  2 dart slugs
  4 endoplasms
  2 goblins (D:1)
  4 hobgoblins
  4 jackals (D:2)
  2 quokkas (D:2)
  4 ball pythons
  2 bats
  3 frilled lizards
  A kobold (D:2)
  A rat (D:1)
31 creatures vanquished.

Vanquished Creatures (others)
  A bush (D:2)
  A plant (D:2)
2 creatures vanquished.

Grand Total: 33 creatures vanquished

Notes
Turn   | Place    | Note
-------+----------+-------------------------------------------
     0 | D:1      | chaostorm the Tengu Hunter began the quest for the Orb.
     0 | D:1      | Reached XP level 1. HP: 12/12 MP: 2/2
   269 | D:1      | Found a faded altar of an unknown god.
   317 | D:1      | Reached XP level 2. HP: 17/17 MP: 3/3
   413 | D:1      | Found Teunies's Assorted Antiques.
   825 | D:2      | Reached XP level 3. HP: 13/22 MP: 4/4
  1495 | D:1      | Slain by a gnoll

Illustrated notes

Levels and vault maps discovered:
D:1:      minmay_arrival_loop, layout_loops_ring, ebering_ecumenical_altar_webs,
          serial_shops, shop
D:2:      layout_loops_ring, serial_forest, infiniplex_forest_corner_2,
          infiniplex_forest_clump_tiny, infiniplex_forest_straight_2,
          infiniplex_forest_straight_4, infiniplex_forest_lined_2,
          infiniplex_forest_lined_4_way, infiniplex_forest_zigzag_1,
          infiniplex_forest_straight_1, minmay_misc_feat_nine_boxes,
          glass_columns_b

Skill      XL: |  1  2  3 |
---------------+----------+-----
Stealth        | 2 |  2.1
Fighting       | |  2.6
Ranged Weapons | |  4.8
Dodging        | |  2.9

Action                   || total
-------------------------++-------
 Fire: Shortbow          ||    99
Armor: Leather armour    ||    11
Dodge: Dodged            ||    32
